 Dungeon Crawl Stone Soup version 0.21-a0-513-gdcb3f5e (webtiles) character file.

7704 papiloppo the Fighter (level 11, -11/101 HPs)
             Began as a Minotaur Berserker on Dec 1, 2017.
             Was a High Priest of Trog.
             Killed by divine providence
             ... invoked by an orc priest
              (14 damage)
             ... on level 2 of the Orcish Mines.
             The game lasted 00:27:47 (11146 turns).

papiloppo the Fighter (Minotaur Berserker)         Turns: 11146, Time: 00:27:48

Health: -11/101    AC: 24    Str: 24    XL:     11   Next: 0%
Magic:  10/10      EV: 12    Int:  4    God:    Trog [*****.]
Gold:   564        SH:  0    Dex: 14    Spells: 10/10 levels left

rFire    + . .     SeeInvis .   d - +2 executioner's axe (chop)
rCold    . . .     Gourm    .   (shield currently unavailable)
rNeg     . . .     Faith    .   T - +7 plate armour {rF+}
rPois    .         Spirit   .   (helmet restricted)
rElec    .         Reflect  .   k - scarf {cloud immunity}
rCorr    .         Harm     .   (no gloves)
MR       .....                  (no boots)
Stlth    ..........             b - amulet of inaccuracy (curse)
HPRegen  0.26/turn              i - +3 ring of protection
MPRegen  0.12/turn              S - +3 ring of dexterity

@: lethally poisoned (-11 -> -14), berserk cooldown, slowed, very slow
A: retaliatory headbutt, horns 2
a: Berserk, Trog's Hand, Brothers in Arms, Burn Spellbooks, Renounce Religion


You were on level 2 of the Orcish Mines.
You worshipped Trog.
Trog was extremely pleased with you.
You were not hungry.

You visited 2 branches of the dungeon, and saw 11 of its levels.
You also visited: Sewer.

You collected 564 gold pieces.

Inventory:

Hand Weapons
 d - a +2 executioner's axe of chopping (weapon)
Armour
 k - a scarf of cloud immunity (worn)
 J - a +0 cloak
 T - a +7 plate armour of fire resistance (worn)
Jewellery
 a - an uncursed ring of poison resistance
 b - a cursed amulet of inaccuracy (around neck)
 i - a +3 ring of protection (left hand)
 S - a +3 ring of dexterity (right hand)
Wands
 p - a wand of acid (4)
 s - a wand of clouds (12)
 w - a wand of flame (24)
 x - a wand of digging (13)
 H - a wand of polymorph (16)
 I - a wand of scattershot (2)
Scrolls
 h - 12 scrolls of identify
 j - 3 scrolls of remove curse
 u - a scroll of blinking
 G - 2 scrolls of teleportation
 K - 2 scrolls of amnesia
 M - a scroll of immolation
 O - a scroll of enchant weapon
 P - a scroll of fog
Potions
 c - a potion of berserk rage {unknown}
 e - 7 potions of curing
 f - 4 potions of flight {unknown}
 g - 4 potions of might {unknown}
 n - 2 potions of brilliance {unknown}
 o - a potion of degeneration {unknown}
 q - a potion of resistance {unknown}
 v - a potion of mutation {unknown}
 z - 2 potions of haste {unknown}
 C - 2 potions of agility
Books
 r - a book of Misfortune

   Spells                             Type                      Level
   a - Confusing Touch                Hexes                        1
   b - Confuse                        Hexes                        3
   c - Gell's Gravitas                Translocation                3
   d - Petrify                        Transmutation/Earth          4
   e - Metabolic Englaciation         Hexes/Ice                    5
   f - Yara's Violent Unravelling     Hexes/Transmutation          5
   Trog disapproves of the use of such an item.
 D - the Grimoire of Unholy Snow
   (You found it on level 6 of the Dungeon)

   Spells                             Type                      Level
   a - Animate Skeleton               Necromancy                   1
   b - Pain                           Necromancy                   1
   c - Throw Frost                    Conjuration/Ice              2
   d - Corpse Rot                     Necromancy                   2
   e - Ozocubu's Armour               Charms/Ice                   3
   f - Summon Ice Beast               Ice/Summoning                4
   Trog disapproves of the use of such an item.
 Q - a Young Poisoner's Handbook

   Spells                             Type                      Level
   a - Sting                          Conjuration/Poison           1
   b - Poisonous Vapours              Poison/Air                   2
   c - Mephitic Cloud                 Conjuration/Poison/Air       3
   d - Olgreb's Toxic Radiance        Poison                       4
   e - Venom Bolt                     Conjuration/Poison           5
   Trog disapproves of the use of such an item.
Comestibles
 l - 3 meat rations
 m - 3 royal jellies
 A - 2 fruits
 F - 8 bread rations


   Skills:
 + Level 10.7 Fighting
 + Level 10.7 Axes
 + Level 10.3 Armour
 + Level 9.5 Dodging


You had 10 spell levels left.
You didn't know any spells.

Dungeon Overview and Level Annotations

Branches:
Dungeon (9/15)             Temple (0/1) D:7            Lair (0/6) D:9
    Orc (2/2) D:9
    Elf: Orc:2

Altars:
Elyvilon
Gozag
Kikubaaqudgha
Makhleb
Nemelex Xobeh
Sif Muna
Trog
Uskayaw
Vehumet
Beogh

Annotations:
D:4 1 transporter
Orc:1 MrVivor's ghost, journeyman TrMo


Innate Abilities, Weirdness & Mutations

You reflexively headbutt those who attack you in melee.
You have a pair of horns on your head.


Message History

You furiously retaliate!
You headbutt the orc.
You kill the orc!
Trog accepts your kill.
* * * LOW HITPOINT WARNING * * *
You feel sick.
An ogre comes into view. It is wielding a giant club.
* * * LOW HITPOINT WARNING * * *
You feel sick.
The ogre shouts!
The orc priest closely misses you. The orc wizard barely misses you.
Found 16 gold pieces.
An orc comes into view. It is wielding a war axe.
* * * LOW HITPOINT WARNING * * *
You feel sick.
Found 48 gold pieces.
* * * LOW HITPOINT WARNING * * *
You feel sick. The orc wizard closely misses you.
The orc priest invokes the aid of Beogh against you.
Beogh smites you!
You die...

#.........## .
###........#.##
..#..........#..##
......$..........#.
.$.................
..........$........
..$......##[.......
.....#@###Oo......
........o#.........
.........o$........
.........o.........
..#.............#..
# ###...O....#..# .
#.........#.##
##.##.....### #.
......#


You could see an ogre, an orc priest, an orc wizard and an orc.

Vanquished Creatures
  The ghost of confidenceinterval the Fighter, a novice GnWn of Okawaru (D:9)
  A two-headed ogre (D:9)
  Pikel (D:8)
  The ghost of Gerstahl the Skirmisher, a novice DsGl of Okawaru (D:6)
  An elephant (D:9)
  Maurice (D:8)
  A hornet (D:8)
  Prince Ribbit (D:8)
  2 hippogriffs (D:7)
  A yak (D:9)
  A basilisk (D:9)
  The ghost of Laiders the Ruffian, an amateur DrTm (D:4)
  A warg (Orc:2)
  7 orc warriors
  Purgy (Sewer)
  2 slaves (D:8)
  An ice beast (D:9)
  8 ogres
  A phantom (D:7)
  2 sky beasts (D:8)
  2 centaurs
  A crocodile (D:9)
  2 bullfrogs
  A scorpion (D:4)
  3 wights (D:8)
  2 howler monkeys (D:4)
  A crimson imp (D:9)
  3 hounds
  4 orc wizards
  A quasit (D:8)
  Crazy Yiuf (D:6)
  A bullfrog skeleton (D:5)
  A centaur skeleton (D:9)
  8 orc priests
  Jessica (D:6)
  Natasha (thrice) (D:2 D:3)
  5 iguanas
  3 worker ants
  A killer bee zombie (D:8)
  A hound zombie (D:6)
  A hound skeleton (D:5)
  Robin (D:2)
  A river rat (D:5)
  10 adders
  4 gnolls
  A shadow imp (D:9)
  An adder skeleton (D:7)
  An adder zombie (D:5)
  3 worms
  A dart slug (D:2)
  3 leopard geckos
  43 orcs
  5 giant cockroaches
  18 goblins
  7 hobgoblins
  9 jackals
  5 quokkas
  14 bats
  A frilled lizard (D:4)
  2 kobolds
  3 leopard gecko skeletons
  12 rats
  A butterfly (D:7)
228 creatures vanquished.

Notes
Turn   | Place    | Note
-------+----------+-------------------------------------------
     0 | D:1      | papiloppo the Minotaur Berserker began the quest for the Orb.
     0 | D:1      | Reached XP level 1. HP: 19/19 MP: 0/0
   130 | D:1      | Reached XP level 2. HP: 25/27 MP: 1/1
   880 | D:2      | Noticed Natasha
   882 | D:2      | Found a hide-covered altar of Uskayaw.
   885 | D:2      | Killed Natasha
   885 | D:2      | Reached XP level 3. HP: 33/33 MP: 2/2
   986 | D:2      | Noticed Robin
   988 | D:2      | Reached ** piety under Trog
  1000 | D:2      | Reached XP level 4. HP: 40/41 MP: 3/3
  1003 | D:2      | Killed Robin
  1275 | D:2      | Found an opulent altar of Gozag.
  1281 | D:2      | Noticed Natasha
  1297 | D:2      | Killed Natasha
  1767 | D:3      | Reached XP level 5. HP: 40/47 MP: 4/4
  1768 | D:3      | Noticed Natasha
  1774 | D:3      | Killed Natasha
  2010 | D:3      | Reached *** piety under Trog
  2010 | D:3      | Reached skill level 5 in Fighting
  2010 | D:3      | Reached skill level 5 in Axes
  2018 | D:3      | Found a burning altar of Makhleb.
  2181 | D:3      | Reached XP level 6. HP: 51/56 MP: 5/5
  2398 | D:4      | Found an ancient bone altar of Kikubaaqudgha.
  2476 | D:4      | Noticed Laiders's ghost (amateur DrTm)
  3165 | D:4      | Killed Laiders's ghost
  3165 | D:4      | Reached skill level 5 in Armour
  3165 | D:4      | Reached XP level 7. HP: 28/62 MP: 6/6
  3352 | D:4      | Found a transporter.
  3446 | D:4      | Found a transporter.
  4624 | D:5      | Entered Level 5 of the Dungeon
  4652 | D:5      | Found a radiant altar of Vehumet.
  4679 | D:5      | Reached skill level 5 in Dodging
  4742 | D:5      | Noticed a moth of wrath
  4965 | D:5      | Found a glowing drain.
  4973 | Sewer    | Entered a sewer
  5020 | Sewer    | Noticed Purgy
  5030 | Sewer    | Killed Purgy
  5254 | D:5      | Found a sparkling altar of Nemelex Xobeh.
  5291 | D:5      | Found a white marble altar of Elyvilon.
  5447 | D:5      | Found a bloodstained altar of Trog.
  5460 | D:5      | Reached XP level 8. HP: 53/71 MP: 2/7
  5733 | D:6      | Reached **** piety under Trog
  5847 | D:6      | Noticed Gerstahl's ghost (novice DsGl)
  6171 | D:6      | Killed Gerstahl's ghost
  6282 | D:6      | Found a sand-covered staircase.
  6570 | D:6      | Identified the Grimoire of Unholy Snow
  6647 | D:6      | Reached XP level 9. HP: 49/81 MP: 8/8
  6903 | D:6      | Found a runed door.
  6954 | D:6      | Noticed Jessica
  6963 | D:6      | Found a deep blue altar of Sif Muna.
  6967 | D:6      | Killed Jessica
  7394 | D:6      | Noticed Crazy Yiuf
  7400 | D:6      | Killed Crazy Yiuf
  7729 | D:7      | Found a staircase to the Ecumenical Temple.
  7779 | D:7      | Noticed Prince Ribbit
  8127 | D:7      | Reached ***** piety under Trog
  8404 | D:8      | Noticed Maurice
  8440 | D:8      | Killed Maurice
  8962 | D:8      | Identified a scroll of acquirement
  9082 | D:8      | Killed Prince Ribbit
  9300 | D:8      | Paralysed by a hornet for 1 turns
  9302 | D:8      | Noticed Pikel
  9305 | D:8      | Reached XP level 10. HP: 91/91 MP: 9/9
  9310 | D:8      | Killed Pikel
  9787 | D:9      | Noticed confidenceinterval's ghost (novice GnWn)
  9800 | D:9      | Killed confidenceinterval's ghost
  9800 | D:9      | Reached skill level 10 in Fighting
  9800 | D:9      | Reached skill level 10 in Axes
  9956 | D:9      | Found a staircase to the Lair.
  9961 | D:9      | Noticed an elephant
  9970 | D:9      | Killed an elephant
 10137 | D:9      | Noticed a two-headed ogre
 10144 | D:9      | Killed a two-headed ogre
 10144 | D:9      | Reached skill level 10 in Armour
 10445 | D:9      | Found a staircase to the Orcish Mines.
 10680 | Orc:1    | Entered Level 1 of the Orcish Mines
 10689 | Orc:1    | Received a gift from Trog
 10729 | Orc:1    | Noticed MrVivor's ghost (journeyman TrMo)
 10731 | Orc:1    | Found a roughly hewn altar of Beogh.
 10756 | Orc:2    | Entered Level 2 of the Orcish Mines
 11123 | Orc:2    | Noticed an orc warlord
 11128 | Orc:2    | Reached XP level 11. HP: 68/101 MP: 10/10
 11143 | Orc:2    | HP: 5/101 [poisoned by an orc warlord]
 11146 | Orc:2    | Killed from afar by an orc priest

Vault maps used:
D:1:      lightli_arrival_boilingwater
D:2:      nicolae_gozag_seed_capital, overflow_temple_1_default, first_bread,
          uniq_natasha, uniq_robin
D:3:      lemuel_coloured_pillars_altar, cheibrodos_gnoll_hut
D:4:      gammafunk_wand_slinger, nicolae_overflow_hidden_temple
D:5:      lemuel_round_altar, kennysheep_little_box, tgw_trog,
          lemuel_doored_altar, gup_sewer_entry_bubbles, due_unseen_surprise
D:6:      tgw_sif, enter_ossuary_5, uniq_crazy_yiuf_cottage
D:7:      minmay_temple_entry_butterflies, grunt_ogre_cave, uniq_prince_ribbit1
D:8:      uniq_pikel, uniq_maurice
D:9:      david_lair_generic, orc_0_dummy
Orc:1:    basic_altar
Orc:2:    st_orc_ogre_mass, serial_shops, shop
Sewer:    sewer_big_baddie

Skill      XL: |  1  2  3  4  5  6  7  8  9 10 |
---------------+-------------------------------+-----
Axes           | 4 5 6 8 9 10 | 10.7
Fighting       | 4 5 6 8 9 10 | 10.7
Armour         | 3 4 5 7 9 10 | 10.3
Dodging        | 3 4 5 6 8 9 |  9.5

Action                   |  1- 3 |  4- 6 |  7- 9 | 10-12 || total
-------------------------+-------+-------+-------+-------++-------
Melee: Hand axe          |    70 |   120 |   129 |       ||   319
       Headbutt          |     8 |    20 |    58 |    23 ||   109
       War axe           |       |       |   135 |       ||   135
       Executioner's axe |       |       |    33 |   117 ||   150
Invok: Berserk           |     1 |     2 |     8 |     6 ||    17
  Use: Scroll            |     6 |       |    14 |     1 ||    21
 Stab: Sleeping          |     1 |       |       |       ||     1
  Eat: Bread ration      |       |     2 |     1 |       ||     3
       Chunk             |       |     2 |     8 |     1 ||    11
       Meat ration       |       |       |     3 |     2 ||     5
Armor: Animal skin       |    15 |     7 |       |       ||    22
       Ring mail         |       |    32 |    40 |       ||    72
       Chain mail        |       |       |    95 |       ||    95
       Plate armour      |       |       |    25 |    82 ||   107
       Skin              |       |       |    16 |       ||    16
Dodge: Dodged            |    56 |    73 |   179 |    79 ||   387

Table legend:
 A = Spawn XP
 B = Non-spawn XP
 C = Spawn XP percentage of total XP
 D = Spawn monster count
 E = Non-spawn monster count
 F = Spawn count percentage of total count
 G = Total turns spent on level
                    A         B        C        D         E        F      G
               +---------+---------+-------+---------+---------+-------+---------
         Total |       0 |   11006 |   0.0 |       0 |     225 |   0.0 | 11146
               +---------+---------+-------+---------+---------+-------+---------
           D:1 |       0 |      23 |   0.0 |       0 |      15 |   0.0 |   593
           D:2 |       0 |     163 |   0.0 |       0 |      31 |   0.0 |  1102
           D:3 |       0 |     258 |   0.0 |       0 |      28 |   0.0 |  1256
           D:4 |       0 |     602 |   0.0 |       0 |      15 |   0.0 |  1673
           D:5 |       0 |     250 |   0.0 |       0 |      17 |   0.0 |  1177
           D:6 |       0 |    1684 |   0.0 |       0 |      33 |   0.0 |  1456
           D:7 |       0 |     853 |   0.0 |       0 |      21 |   0.0 |   824
           D:8 |       0 |    2426 |   0.0 |       0 |      19 |   0.0 |  1491
           D:9 |       0 |    3616 |   0.0 |       0 |      21 |   0.0 |   911
         Orc:1 |       0 |     328 |   0.0 |       0 |       8 |   0.0 |    76
         Orc:2 |       0 |     665 |   0.0 |       0 |      11 |   0.0 |   390
         Sewer |       0 |     138 |   0.0 |       0 |       6 |   0.0 |   197
               +---------+---------+-------+---------+---------+-------+---------
